 Dungeon Crawl Stone Soup version 0.21.1-1-g345015f (webtiles) character file.

119 inc the Conjurer (level 5, -3/31 HPs)
             Began as an Octopode Wizard on Apr 27, 2018.
             Slain by an orc
             ... wielding a +0 club
              (7 damage)
             ... on level 3 of the Dungeon.
             The game lasted 00:04:10 (2131 turns).

inc the Conjurer (Octopode Wizard)                  Turns: 2131, Time: 00:04:11

Health: -3/31      AC:  1    Str:  6    XL:     5   Next: 3%
Magic:  3/9        EV: 13    Int: 21    God:
Gold:   145        SH:  0    Dex: 11    Spells: 9/10 levels left

rFire    . . .     SeeInvis .   n - +2 mace (holy)
rCold    . . .     Gourm    .   (no shield)
rNeg     . . .     Faith    .   a - +0 hat
rPois    .         Spirit   .   (no amulet)
rElec    .         Reflect  .   i - ring of resist corrosion
rCorr    +         Harm     .   (no ring)
MR       .....                  (no ring)
Stlth    +++.......             (no ring)
HPRegen  0.10/turn              (no ring)
MPRegen  0.11/turn              (no ring)
                                (no ring)
                                (no ring)

@: no status effects
A: almost no armour, stealthy swim, amphibious, 8 rings, constrict 8, camouflage
1, gelatinous body 1
a: no special abilities


You were on level 3 of the Dungeon.
You were hungry.

You visited 1 branch of the dungeon, and saw 3 of its levels.

You collected 145 gold pieces.

Inventory:

Hand Weapons
 n - a +2 mace of holy wrath (weapon)
Armour
 a - a +0 hat (worn)
 o - a +0 buckler
Jewellery
 i - a ring of resist corrosion (left tentacle)
 q - an uncursed ring of fire
Wands
 m - a wand of clouds (8)
Scrolls
 d - 3 scrolls of magic mapping {unknown}
 e - 3 scrolls of identify {unknown}
 f - 2 scrolls of remove curse {unknown}
 k - a scroll of enchant armour {unknown}
Potions
 g - a potion of brilliance {unknown}
 h - a potion of invisibility {unknown}
 j - 2 potions of lignification {unknown}
 l - a potion of degeneration {unknown}
 p - a potion of heal wounds {unknown}
Books
 b - a book of Minor Magic

   Spells                             Type                      Level
   a - Magic Dart                     Conjuration                  1
   b - Blink                          Translocation                2
   c - Call Imp                       Summoning                    2
   d - Slow                           Hexes                        2
   e - Conjure Flame                  Conjuration/Fire             3
   f - Mephitic Cloud                 Conjuration/Poison/Air       3
Comestibles
 c - 8 rations


   Skills:
 - Level 2.0 Dodging
 - Level 2.6 Stealth
 - Level 3.0 Spellcasting
 + Level 4.6 Conjurations
   Level 1.0 Summonings
   Level 1.0 Translocations


You had 9 spell levels left.
You knew the following spells:

 Your Spells              Type           Power        Failure   Level  Hunger
a - Magic Dart            Conj           ###.         1%          1    None


Dungeon Overview and Level Annotations

Branches:
Dungeon (3/15)

Altars:
Okawaru
Ru
The Shining One

Annotations:
D:3 Flooderbenga's ghost, weakling DDGl


Innate Abilities, Weirdness & Mutations

You cannot wear most types of armour.
You are very stealthy in the water. (Stealth+)
You are amphibious.
You can wear up to eight rings at the same time.
You can use your tentacles to constrict eight enemies at once.
Your skin changes colour to match your surroundings (Stealth+).
Your rubbery body absorbs attacks. (AC +1, EV +1)


Message History

The orc barely misses you. The orc hits you with a whip.
* * * LOW HITPOINT WARNING * * *
Casting: Magic Dart
Confirm with . or Enter, or press ? or * to list all spells.
Aiming: Magic Dart
Press: ? - help, Shift-Dir - straight line, f/p - orc
Aim: an orc, wielding a whip (severely wounded)
The magic dart hits the orc.
You kill the orc!
The orc hits you with a club.
* * * LOW HITPOINT WARNING * * *
Casting: Magic Dart
Confirm with . or Enter, or press ? or * to list all spells.
Aiming: Magic Dart
Press: ? - help, Shift-Dir - straight line, f - orc
Aim: an orc, wielding a club The magic dart hits the orc.
The orc is heavily wounded.
The orc hits you with a club!
You die...

#..# #.# #..# #.# #
###..###.## ...
..........#
.....###..###..#
..oo...........####
.....###....(.....###
.... #)o.###.<....# ##.#
#.@.....(###.###### #.#
#........# #...##.. #.#
###.##...###....#.# #.#
#.##..).....#.... #.#
#.###.##.##......
#.#######.###.##.###>....
#................# #.....
################## ##....
#....


You could see an orc.

Vanquished Creatures
  An orc wizard (D:3)
  3 adders (D:2)
  A worm (D:3)
  2 dart slugs
  4 orcs (D:3)
  A giant cockroach (D:1)
  8 goblins
  5 hobgoblins
  2 quokkas
  A ball python (D:2)
  5 bats
  3 frilled lizards
  9 kobolds
  9 rats
54 creatures vanquished.

Notes
Turn   | Place    | Note
-------+----------+-------------------------------------------
     0 | D:1      | inc the Octopode Wizard began the quest for the Orb.
     0 | D:1      | Reached XP level 1. HP: 11/11 MP: 4/4
   189 | D:1      | Reached skill level 2 in Conjurations
   189 | D:1      | Reached XP level 2. HP: 8/17 MP: 0/6
   853 | D:1      | Found a glowing golden altar of the Shining One.
   980 | D:1      | Reached XP level 3. HP: 21/21 MP: 4/7
  1078 | D:1      | Reached skill level 3 in Conjurations
  1229 | D:2      | Found a sacrificial altar of Ru.
  1324 | D:2      | Reached XP level 4. HP: 26/27 MP: 1/8
  1470 | D:2      | Found an iron altar of Okawaru.
  1589 | D:2      | Reached skill level 4 in Conjurations
  1878 | D:3      | Noticed Flooderbenga's ghost (weakling DDGl)
  1932 | D:3      | Found a faded altar of an unknown god.
  2128 | D:3      | Reached XP level 5. HP: 14/31 MP: 6/9
  2131 | D:3      | Slain by an orc

Skill      XL: |  1  2  3  4 |
---------------+-------------+-----
Conjurations   | 2 3 4 |  4.6
Dodging        | |  2.0
Stealth        | |  2.6
Spellcasting   | |  3.0
Summonings     | |  1.0
Translocations | |  1.0

Action                   |  1- 3 |  4- 6 || total
-------------------------+-------+-------++-------
Melee: Unarmed           |    14 |     4 ||    18
       Constrict         |     3 |     2 ||     5
       Tentacles         |     2 |     1 ||     3
       Mace              |       |     2 ||     2
 Cast: Magic Dart        |    68 |    40 ||   108
 Stab: Sleeping          |       |     1 ||     1
  Eat: Chunk             |     1 |     2 ||     3
Armor: Skin              |     1 |       ||     1
Dodge: Dodged            |    12 |    14 ||    26
